 Dungeon Crawl Stone Soup version 0.27-a0-660-g90476cec82 (webtiles) character file.

Game seed: 844027593996747210

500 robertstho the Magician (level 6, -3/32 HPs)
             Began as a Deep Elf Fire Elementalist on Mar 16, 2021.
             Slain by Grinder (4 damage)
             ... on level 4 of the Dungeon.
             The game lasted 00:06:32 (3547 turns).

robertstho the Magician (DEFE)                      Turns: 3547, Time: 00:06:33

Health: -3/32      AC:  2    Str:  5    XL:     6   Next: 94%
Magic:  10/18      EV: 12    Int: 22    God:
Gold:   163        SH:  0    Dex: 15    Spells: 18/19 levels left

rFire    . . .     SeeInvis .   j - +0 dagger (pain)
rCold    . . .     Faith    .   (no shield)
rNeg     . . .     Spirit   .   a - +0 robe
rPois    +         Reflect  .   (no helmet)
rElec    .         Harm     .   (no cloak)
rCorr    .         Rampage  .   (no gloves)
Will     .....                  (no boots)
Stlth    ++........             q - amulet of the acrobat
HPRegen  0.10/turn              e - ring of poison resistance
MPRegen  0.16/turn              (no ring)

@: no status effects
A: no striking features
a: no special abilities


You were on level 4 of the Dungeon.
You visited 1 branch of the dungeon, and saw 4 of its levels.

You collected 163 gold pieces.

Inventory:

Hand Weapons
 j - a +0 dagger of pain (weapon)
Armour
 a - a +0 robe (worn)
Jewellery
 e - a ring of poison resistance (right hand)
 q - an amulet of the acrobat (around neck)
Scrolls
 b - 5 scrolls of identify {unknown}
 c - 2 scrolls of blinking {unknown}
 f - 2 scrolls of immolation {unknown}
 h - 2 scrolls of fog {unknown}
 i - 2 scrolls of enchant weapon {unknown}
 k - a scroll of noise {unknown}
 n - a scroll of magic mapping {unknown}
 o - 2 scrolls of enchant armour {unknown}
Potions
 d - a potion of attraction {unknown}
 g - 2 potions of curing {unknown}
 l - 3 potions of heal wounds {unknown}
 m - a potion of lignification {unknown}
 p - a potion of magic {unknown}
 r - a potion of brilliance {unknown}


   Skills:
 + Level 0.5 Short Blades
 + Level 2.4 Dodging
 + Level 3.0 Stealth
 * Level 7.4 Spellcasting
 * Level 3.6 Conjurations
 * Level 5.0 Fire Magic


You had 18 spell levels left.
You knew the following spells:

 Your Spells              Type           Power      Damage    Failure   Level
a - Foxfire               Conj/Fire      100%       2x1d9     1%          1

Your spell library contained the following spells:

 Spells                   Type           Power      Damage    Failure   Level
 Conjure Flame            Conj/Fire      27%        6-21      4%          3
 Inner Flame              Hex/Fire       19%        N/A       9%          3
 Sticky Flame             Conj/Fire      27%        2d5       13%         4
 Fireball                 Conj/Fire      13%        3d7       36%         5


Dungeon Overview and Level Annotations

Branches:
Dungeon (4/15)
 Temple: D:4-7

Altars:
Cheibriados
Nemelex Xobeh

Annotations:
D:3 3 runed translucent doors, CurlyBrace's ghost, weakling FeSu
D:4 Grinder


Message History

You conjure some foxfire!
The foxfire hits the adder zombie!
The adder zombie is almost destroyed.
The foxfire hits the adder zombie.
You destroy the adder zombie!
Grinder gestures at you.
You suddenly lose the ability to move!
The foxfire hits the iguana but does no damage.
The foxfire hits Grinder.
Grinder is lightly wounded.
The foxfire hits the iguana.
The iguana is lightly wounded.
Grinder blinks!
The iguana hisses menacingly.
The iguana bites you.
You can move again.
Casting: Foxfire (safe; 1% risk of failure)
Press: ? - help, Q - select action Dir - look around, f - activate You conjure some foxfire!
The iguana bites you but does no damage.
Unknown command.
Casting: Foxfire (safe; 1% risk of failure)
Press: ? - help, Q - select action Dir - look around, f - activate You conjure some foxfire!
The foxfire hits Grinder.
Grinder is lightly wounded.
The foxfire hits Grinder.
Grinder is moderately wounded.
The iguana bites you. Grinder hits you.
You writhe in agony.
Casting: Foxfire (safe; 1% risk of failure)
Press: ? - help, Q - select action Dir - look around, f - activate You conjure some foxfire!
The foxfire hits Grinder.
Grinder is moderately wounded.
The foxfire hits the iguana.
The iguana is moderately wounded.
The iguana bites you!
* * * LOW HITPOINT WARNING * * *
Grinder hits you.
You die...

##.#....
.......##...#### ..
#..#...........##.##
####...............
.###..............
###.............# #
................## .#
.........#.....v.#.##
..>..#.........v@l..#
##.####.##......5##.#
...# #.#####.#.##
...# #..## ##...#
..## ##...##....##
...###..........#
##...............
..>.......8.......
.....#......P..


You could see Grinder (ally target) and an iguana.

Vanquished Creatures
  A howler monkey (D:4)
  A bullfrog zombie (D:4)
  A centaur skeleton (D:4)
  A bullfrog skeleton (D:4)
  A hound (D:4)
  An orc priest (D:4)
  3 orc wizards
  A worker ant (D:4)
  A hound zombie (D:4)
  2 worker ant zombies (D:4)
  4 gnolls (D:2)
  5 adders
  An ooze (D:3)
  2 adder zombies (D:4)
  2 worms (D:2)
  A dart slug (D:2)
  2 leopard geckos
  5 orcs
  A ball python (D:3)
  4 giant cockroaches
  7 goblins
  10 hobgoblins
  A quokka (D:2)
  9 bats
  5 frilled lizards
  7 kobolds
  A leopard gecko zombie (D:4)
  3 rats
83 creatures vanquished.

Vanquished Creatures (others)
  356 foxfires
356 creatures vanquished.

Grand Total: 439 creatures vanquished

Notes
Turn   | Place    | Note
-------+----------+-------------------------------------------
     0 | D:1      | robertstho the Deep Elf Fire Elementalist began the quest
                  | for the Orb.
     0 | D:1      | Reached XP level 1. HP: 10/10 MP: 6/6
   453 | D:1      | Reached XP level 2. HP: 15/15 MP: 5/8
   851 | D:2      | Reached XP level 3. HP: 19/19 MP: 3/10
  1150 | D:2      | Found a sparkling altar of Nemelex Xobeh.
  1330 | D:2      | Found a snail-covered altar of Cheibriados.
  1414 | D:2      | Reached skill level 4 in Spellcasting
  1414 | D:2      | Reached XP level 4. HP: 24/24 MP: 9/12
  1749 | D:3      | Reached XP level 5. HP: 28/28 MP: 2/14
  1754 | D:3      | Reached skill level 5 in Spellcasting
  2172 | D:3      | Noticed CurlyBrace's ghost (weakling FeSu)
  2794 | D:3      | Found a runed translucent gate.
  2794 | D:3      | Found a runed translucent gate.
  2794 | D:3      | Found a runed translucent gate.
  3198 | D:4      | Reached skill level 6 in Spellcasting
  3198 | D:4      | Reached XP level 6. HP: 32/32 MP: 9/17
  3308 | D:4      | Reached skill level 7 in Spellcasting
  3458 | D:4      | Reached skill level 5 in Fire Magic
  3534 | D:4      | Noticed Grinder
  3542 | D:4      | Paralysed by Grinder for 3 turns
  3547 | D:4      | HP: 1/32 [iguana (13)]
  3547 | D:4      | Slain by Grinder

Illustrated notes

Levels and vault maps discovered:
D:1:      dpeg_arrival_simpleton_b, layout_basic, minmay_misc_feat_iff
D:2:      layout_rooms, old_standard_altar, nemelex_altar_shiori
D:3:      layout_basic, gammafunk_ghost_icy, serial_co_window_serial,
          co_window_paths_a, co_window_corner_a, co_window_cross_1,
          co_window_of_opportunity_a, co_window_paths_a, co_window_2corner,
          co_window_of_opportunity_c, co_window_unsneaky_path_a,
          co_window_corner_ca, co_window_corner_ca, co_window_corner_cb,
          co_window_of_opportunity_b, glass_columns_a, glass_columns_a,
          glass_columns_c
D:4:      layout_cave_pools, nicolae_yredelemnul_ghost_church, serial_undead,
          serial_undead_f, serial_undead_e, serial_undead_e, serial_undead_d,
          minmay_snake_closets, uniq_grinder

Skill      XL: |  1  2  3  4  5  6 |
---------------+-------------------+-----
Fire Magic     | 4 5 |  5.0
Conjurations   | 2 3 |  3.6
Spellcasting   | 4 6 7 |  7.4
Stealth        | 3 |  3.0
Short Blades   | |  0.5
Dodging        | |  2.4

Action                   |  1- 3 |  4- 6 || total
-------------------------+-------+-------++-------
Melee: Unarmed           |     1 |       ||     1
       Dagger            |     3 |     6 ||     9
 Cast: Foxfire           |    62 |   142 ||   204
Armor: Robe              |     4 |     1 ||     5
Dodge: Dodged            |     6 |     9 ||    15

Table legend: (Time is in decaauts)
 A = Elapsed time spent in this place.
 B = Non-inter-level travel time spent in this place.
 C = Inter-level travel time spent in this place.
 D = Time resting spent in this place.
 E = Time spent auto-exploring this place.
 F = Levels seen in this place.
 G = Mean time per level.
                   A        B        C        D        E       F      G
               +--------+--------+--------+--------+--------+-----+--------+
         Total |   3545 |   3486 |     59 |     17 |   3013 |   4 |  886.2 |
       Dungeon |   3545 |   3486 |     59 |     17 |   3013 |   4 |  886.2 |
               +--------+--------+--------+--------+--------+-----+--------+

Top non-repeatable levels by time:
     D:3: 1356 daAuts
     D:2: 937 daAuts
     D:1: 771 daAuts
     D:4: 480 daAuts
